 Dungeon Sprint DCSS version 0.20-b1 (webtiles) character file.

34980 potatolord6000 the Warrior (level 13, 0/122 HPs)
             Began as a Demonspawn Gladiator on May 19, 2017.
             Was an Initiate of Gozag.
             Succumbed to a naga ritualist's toxic radiance
             ... in the Dungeon (Sprint IX: "|||||||||||||||||||||||||||||").
             The game lasted 00:16:51 (2726 turns).

potatolord6000 the Warrior (Demonspawn Gladiator)   Turns: 2726, Time: 00:16:52

Health: 0/122      AC: 41    Str: 26    XL:     13   Next: 45%
Magic:  13/13      EV: 25    Int:  5    God:    Gozag
Gold:   1042       SH:  0    Dex: 31    Spells: 12/12 levels left

rFire    . . .     SeeInvis +   C - +2 battleaxe (chop)
rCold    + . .     Gourm    .   (shield currently unavailable)
rNeg     + + .     Faith    .   v - +7 chain mail of Esiniem {Int-2 Dex+4 Stlth+}
rPois    .         Spirit   .   n - +1 helmet {SInv}
rElec    .         Reflect  .   t - +1 cloak
rCorr    .         Harm     .   w - +2 pair of gloves "Teleun" {+Blink Slay+3 Stlth+}
MR       ++...     NoTele   +   y - +4 pair of boots of Time Monsters {rN++ MR++ Int-4}
Stlth    +.........             l - amulet "Besypn" {+Rage rC+ Dex+6}
Regen    0.3/turn               b - +3 ring of strength
MPRegen  0.2/turn               p - +6 ring of dexterity

@: mighty, lethally poisoned (0 -> -11), gold aura
A: hooves 1, iridescent scales 3, demonic guardian 3, powered by pain 2
a: Potion Petition, Call Merchant, Bribe Branch, Renounce Religion, Evoke Blink,
Evoke Berserk Rage


You were in the Dungeon.
You worshipped Gozag.
Gozag was most pleased with you.
You were very full.

You visited 1 branch You collected 12966 gold pieces.
You spent 3529 gold pieces at shops.
You paid 8395 gold pieces to Gozag.

Inventory:

Hand Weapons
 C - a +2 battleaxe of chopping (weapon)
Armour
 n - a +1 helmet of see invisible (worn)
 t - a +1 cloak (worn)
 v - the +7 chain mail of Esiniem (worn) {Int-2 Dex+4 Stlth+}
   (You bought it in a shop in the Dungeon)

   It affects your intelligence (-2).
   It affects your dexterity (+4).
   It makes you more stealthy.
 w - the +2 pair of gloves "Teleun" (worn) {+Blink Slay+3 Stlth+}
   (You bought it in a shop in the Dungeon)

   It affects your accuracy and damage with ranged weapons and melee attacks
   (+3).
   It lets you blink.
   It makes you more stealthy.
 y - the +4 pair of boots of Time Monsters (worn) {rN++ MR++ Int-4}
   (You bought it in a shop in the Dungeon)

   It affects your intelligence (-4).
   It greatly protects you from negative energy.
   It affects your resistance to hostile enchantments.
Jewellery
 b - a +3 ring of strength (left hand)
 l - the amulet "Besypn" (around neck) {+Rage rC+ Dex+6}
   (You acquired it in the Dungeon)

   [amulet of rage]

   It affects your dexterity (+6).
   It protects you from cold.
   It lets you go berserk.
 p - a +6 ring of dexterity (right hand)
Scrolls
 c - a scroll of magic mapping
 h - 3 scrolls of remove curse
 j - 2 scrolls of amnesia
 k - 3 scrolls of blinking
 q - a scroll of recharging
 s - 5 scrolls of fog
 B - 2 scrolls of identify
Potions
 d - a potion of invisibility
 e - 9 potions of curing
 i - 4 potions of magic
 m - 2 potions of haste
 r - a potion of flight {unknown}
 x - 2 potions of brilliance
 z - a potion of agility
Comestibles
 f - 40 fruits
 o - 12 bread rations
 u - 11 meat rations


   Skills:
 + Level 17.8 Fighting
 + Level 16.6 Axes
 - Level 1.7 Throwing
 + Level 16.3 Armour
 + Level 16.5 Dodging


You had 12 spell levels left.
You didn't know any spells.

Dungeon Overview and Level Annotations

Branches:
Dungeon (1/1)

Altars:
Cheibriados
Dithmenos
Elyvilon
Fedhas
Gozag
Hepliaklqana
Kikubaaqudgha
Makhleb
Nemelex Xobeh
Okawaru
Qazlal
Ru
Sif Muna
Trog
Uskayaw
Vehumet
Xom
Yredelemnul
Zin
The Shining One
Beogh
Jiyva
Lugonu

Shops:
D *([==((?[=[(


Innate Abilities, Weirdness & Mutations

You have large cloven feet.
You are completely covered in iridescent scales. (AC +6)
A powerful demonic guardian rushes to your aid.
You sometimes gain power by taking damage.


Message History

The guardian serpent hits your reaper.
You hit the naga.
You kill the naga!
You closely miss the shock serpent.
You feel sick.
The shock serpent bites you but does no damage.
The guardian serpent completely misses your reaper.
You feel sick.
The shock serpent shoots out a bolt of lightning at you!
The bolt of electricity misses you.
The guardian serpent barely misses your reaper.
Your reaper hits the guardian serpent with a scythe of slicing!
The guardian serpent dies!
The shock serpent shoots out a bolt of lightning at you!
The bolt of electricity hits you!
* * * LOW HITPOINT WARNING * * *
Things that are here:
90 gold pieces; a mace; a robe Unknown command.
You die...
Your body crumbles into a pile of gold.

♣.♣.▓)▓.▓∩▓.▓.▓.▓_
♣.♣.▓.▓.▓.▓.▓.▓.▓_
♣(♣.▓[▓.▓(▓.▓∩▓.▓_
▓(▓.▓[▓.▓(▓.▓.▓.▓_
▓)▓.▓[▓.▓[▓.▓.▓.▓_
▓.▓.▓[▓.▓[▓.▓.▓.▓_
▓.▓.▓[▓.▓[▓.▓.▓.▓_
▓.▓.▓[▓.▓[▓.▓.▓.▓_
▓@▓.▓[▓.▓[▓.▓.▓.▓_
▓$▓.▓[▓.▓.▓.▓'▓.▓_
▓)▓.▓.▓.▓∩▓.▓.▓.▓_
▓S▓.▓.▓.▓.▓.▓.▓.▓_
▓2▓.▓!▓.▓.▓.▓.▓.▓_
▓$▓.▓.▓.▓.▓.▓∩▓.▓_
▓$▓.▓(▓.▓.▓.▓.▓.▓.
▓.▓.▓.▓.▓.▓.▓"▓.▓_
▓.▓.▓.▓.▓.▓.▓.▓.▓_


You could see a shock serpent and a friendly reaper.

Vanquished Creatures
  A thorn hunter (D)
  A nagaraja (D)
  Snorg (D)
  An ettin (D)
  Josephine (D)
  2 hydras (D)
  A catoblepas (D)
  A centaur warrior (D)
  2 anacondas (D)
  3 two-headed ogres (D)
  A satyr (D)
  3 ogre magi (D)
  2 death yaks (D)
  A sea snake (D)
  2 unseen horrors (D)
  2 deep trolls (D)
  A spriggan druid (D)
  A swamp dragon (D)
  2 orc knights (D)
  A necromancer (D)
  A harpy (shapeshifter) (D)
  An ugly thing (D)
  A cyclops (D)
  2 manticores (D)
  2 elephants (D)
  Joseph (D)
  A merfolk siren (D)
  2 black mambas (D)
  A water nymph (D)
  2 spiny frogs (D)
  7 trolls (D)
  2 merfolk (D)
  2 tyrant leeches (D)
  A snapping turtle (D)
  2 slime creatures (D)
  A bog body (D)
  4 wraiths (D)
  A yak (D)
  A wyvern (D)
  Grum (D)
  A naga (D)
  2 water moccasins (D)
  2 porcupines (D)
  6 orc warriors (D)
  5 wolves (D)
  A centaur (D)
  A crocodile (D)
  3 bullfrogs (D)
  A scorpion (D)
  2 howler monkeys (D)
  A crimson imp (D)
  3 orc priests (D)
  2 orc wizards (D)
  2 worker ants (D)
  An adder (D)
  2 adder zombies (D)
  An adder skeleton (D)
  A dart slug (D)
  4 orcs (D)
  A giant cockroach (D)
  A goblin (D)
  A hobgoblin (D)
  A frilled lizard (D)
  A quokka skeleton (D)
112 creatures vanquished.

Vanquished Creatures (collateral kills)
  A stone giant (D)
  2 great orbs of eyes (D)
  A naga warrior (D)
  Harold (D)
  An ice dragon (D)
  A catoblepas (D)
  An ogre mage (D)
  A death yak (D)
  A naga ritualist (D)
  3 orc knights (D)
  A cyclops (D)
  A guardian serpent (D)
  A blink frog (D)
  2 yaks (D)
  2 wraiths (D)
  2 water moccasins (D)
  5 orc warriors (D)
  An orc (D)
28 creatures vanquished.

Vanquished Creatures (others)
  A swamp drake (D)
  A briar patch (D)
2 creatures vanquished.

Grand Total: 142 creatures vanquished

Notes
Turn   | Place    | Note
-------+----------+-------------------------------------------
     0 | D        | potatolord6000 the Demonspawn Gladiator began the quest for the Orb.
     0 | D        | Reached XP level 1. HP: 16/16 MP: 1/1
     8 | D        | Reached skill level 1 in Armour
   114 | D        | Noticed a scorpion
   114 | D        | Noticed a crimson imp
   114 | D        | Noticed a worker ant
   114 | D        | Noticed a howler monkey
   120 | D        | Killed a scorpion
   120 | D        | Reached skill level 4 in Fighting
   120 | D        | Gained mutation: You are partially covered in iridescent scales. (AC +2) [demonic ancestry]
   120 | D        | Reached XP level 2. HP: 25/25 MP: 2/2
   120 | D        | Gained mutation: A weak demonic guardian rushes to your aid. [demonic ancestry]
   120 | D        | Reached XP level 3. HP: 30/30 MP: 3/3
   124 | D        | Gained mutation: You are mostly covered in iridescent scales. (AC +4) [demonic ancestry]
   124 | D        | Reached XP level 4. HP: 38/38 MP: 4/4
   128 | D        | Reached skill level 5 in Fighting
   128 | D        | Reached skill level 5 in Axes
   128 | D        | Reached skill level 5 in Dodging
   136 | D        | Reached XP level 5. HP: 39/44 MP: 5/5
   141 | D        | Found a roughly hewn altar of Beogh.
   141 | D        | Found a snail-covered altar of Cheibriados.
   141 | D        | Found a shadowy altar of Dithmenos.
   141 | D        | Found a white marble altar of Elyvilon.
   141 | D        | Found a blossoming altar of Fedhas.
   141 | D        | Found an opulent altar of Gozag.
   142 | D        | Found a hazy altar of Hepliaklqana.
   143 | D        | Found a viscous altar of Jiyva.
   144 | D        | Found an ancient bone altar of Kikubaaqudgha.
   145 | D        | Found a corrupted altar of Lugonu.
   146 | D        | Found a burning altar of Makhleb.
   147 | D        | Found a sparkling altar of Nemelex Xobeh.
   148 | D        | Found an iron altar of Okawaru.
   149 | D        | Became a worshipper of Gozag Ym Sagoz the Greedy
   150 | D        | Found a stormy altar of Qazlal.
   151 | D        | Found a sacrificial altar of Ru.
   152 | D        | Found a deep blue altar of Sif Muna.
   155 | D        | Found a bloodstained altar of Trog.
   156 | D        | Found a hide-covered altar of Uskayaw.
   157 | D        | Found a radiant altar of Vehumet.
   159 | D        | Found a shimmering altar of Xom.
   160 | D        | Found a basalt altar of Yredelemnul.
   161 | D        | Found a glowing silver altar of Zin.
   162 | D        | Found a glowing golden altar of the Shining One.
   210 | D        | Noticed a two-headed ogre
   210 | D        | Noticed a centaur
   217 | D        | Killed a two-headed ogre
   217 | D        | Reached skill level 8 in Fighting
   217 | D        | Reached XP level 6. HP: 52/57 MP: 6/6
   217 | D        | Gained mutation: You are completely covered in iridescent scales. (AC +6) [demonic ancestry]
   217 | D        | Reached XP level 7. HP: 57/63 MP: 7/7
   242 | D        | Noticed a two-headed ogre
   242 | D        | Noticed a four-headed hydra
   242 | D        | Noticed a wraith
   242 | D        | Noticed a cyclops
   248 | D        | Killed a two-headed ogre
   248 | D        | Reached skill level 9 in Fighting
   248 | D        | Gained mutation: A demonic guardian rushes to your aid. [demonic ancestry]
   248 | D        | Reached XP level 8. HP: 49/72 MP: 8/8
   259 | D        | Killed a nine-headed hydra
   259 | D        | Reached skill level 10 in Fighting
   259 | D        | Reached skill level 10 in Axes
   259 | D        | Reached skill level 10 in Dodging
   259 | D        | Gained mutation: You have large cloven feet. [demonic ancestry]
   259 | D        | Reached XP level 9. HP: 51/79 MP: 9/9
   268 | D        | Killed a cyclops
   268 | D        | Reached skill level 11 in Fighting
   268 | D        | Reached skill level 10 in Armour
   309 | D        | Bought a warped war axe for 229 gold pieces
   309 | D        | Identified the +3 war axe of Precise Incision {flame, SInv} (You bought it in a shop in the Dungeon)
   367 | D        | Noticed Josephine
   382 | D        | Killed Josephine
   396 | D        | Gained mutation: You sometimes gain a little power by taking damage. [demonic ancestry]
   396 | D        | Reached XP level 10. HP: 68/89 MP: 10/10
   477 | D        | Noticed a spiny frog
   477 | D        | Noticed a spiny frog
   481 | D        | Noticed an elephant
   485 | D        | Killed a spiny frog
   485 | D        | Reached skill level 12 in Fighting
   497 | D        | Killed a spiny frog
   512 | D        | Killed an elephant
   540 | D        | Bought a shiny helmet for 187 gold pieces
   557 | D        | Noticed an elephant
   557 | D        | Noticed a six-headed hydra
   566 | D        | Noticed a black mamba
   577 | D        | Killed an elephant
   587 | D        | Killed a one-headed hydra
   594 | D        | Reached skill level 13 in Fighting
   600 | D        | Killed a black mamba
   674 | D        | Bought a +4 amulet of reflection for 351 gold pieces
   684 | D        | Noticed a death yak
   684 | D        | Noticed a death yak
   684 | D        | Noticed a catoblepas
   684 | D        | Noticed a death yak
   685 | D        | Noticed a catoblepas
   690 | D        | Killed a death yak
   690 | D        | Gained mutation: A powerful demonic guardian rushes to your aid. [demonic ancestry]
   690 | D        | Reached XP level 11. HP: 85/98 MP: 11/11
   719 | D        | Killed a death yak
   769 | D        | Killed a catoblepas
   850 | D        | Killed a death yak
   862 | D        | Killed a catoblepas
  1028 | D        | Noticed Harold
  1033 | D        | Killed Harold
  1116 | D        | Noticed an orc knight
  1139 | D        | Killed an orc knight
  1139 | D        | Reached skill level 14 in Fighting
  1234 | D        | Noticed an orc knight
  1234 | D        | Noticed an orc knight
  1253 | D        | Killed an orc knight
  1268 | D        | Killed an orc knight
  1269 | D        | Noticed an orc knight
  1291 | D        | Killed an orc knight
  1366 | D        | Bought the +2 pair of gloves "Teleun" {+Blink Slay+3 Stlth+} for 570 gold pieces
  1366 | D        | Bought the +4 pair of boots of Time Monsters {rN++ MR++ Int-4} for 546 gold pieces
  1399 | D        | Found Wegez's Jewellery Emporium.
  1399 | D        | Noticed an ogre mage
  1400 | D        | Noticed a deep troll
  1404 | D        | Noticed an ogre mage
  1423 | D        | Killed an ogre mage
  1428 | D        | Killed a deep troll
  1435 | D        | Found Xiethraoz's Antique Weapon Shoppe.
  1437 | D        | Killed an ogre mage
  1437 | D        | Reached skill level 15 in Fighting
  1440 | D        | Found Juacso Pab's Weapon Emporium.
  1443 | D        | Found Ofoasesili's Magic Scroll Shoppe.
  1444 | D        | Noticed a deep troll
  1447 | D        | Noticed an ogre mage
  1448 | D        | Noticed an ogre mage
  1452 | D        | Killed a deep troll
  1452 | D        | Gained mutation: You sometimes gain power by taking damage. [demonic ancestry]
  1452 | D        | Reached XP level 12. HP: 75/109 MP: 12/12
  1470 | D        | Killed an ogre mage
  1474 | D        | Killed an ogre mage
  1530 | D        | Bought the +7 chain mail of Esiniem {Int-2 Dex+4 Stlth+} for 695 gold pieces
  1590 | D        | Bought a scroll of acquirement for 676 gold pieces
  1593 | D        | Got a crude emerald amulet
  1594 | D        | Identified the amulet "Besypn" {+Rage rC+ Dex+6} (You acquired it in the Dungeon)
  1627 | D        | Noticed Grum
  1637 | D        | Killed Grum
  1695 | D        | Noticed Joseph
  1708 | D        | Killed Joseph
  1799 | D        | Noticed a two-headed ogre
  1805 | D        | Killed a two-headed ogre
  1838 | D        | Noticed a stone giant
  1842 | D        | Reached skill level 16 in Fighting
  1842 | D        | Reached skill level 15 in Axes
  1843 | D        | Noticed a great orb of eyes
  1844 | D        | Noticed a centaur warrior
  1845 | D        | Noticed a great orb of eyes
  1852 | D        | Killed a stone giant
  1852 | D        | Reached skill level 15 in Dodging
  1853 | D        | Noticed an ettin
  1866 | D        | Killed a great orb of eyes
  1878 | D        | Killed a centaur warrior
  1889 | D        | Killed a great orb of eyes
  1889 | D        | Reached skill level 15 in Armour
  1898 | D        | Killed an ettin
  1904 | D        | Noticed an ice dragon
  1928 | D        | Killed an ice dragon
  1942 | D        | Bought a glowing battleaxe for 275 gold pieces
  2249 | D        | Noticed Snorg
  2261 | D        | Killed Snorg
  2329 | D        | Noticed a thorn hunter
  2335 | D        | Reached XP level 13. HP: 95/119 MP: 13/13
  2345 | D        | Killed a thorn hunter
  2345 | D        | Reached skill level 17 in Fighting
  2693 | D        | Noticed a nagaraja
  2715 | D        | Killed a nagaraja
  2725 | D        | HP: 1/122 [shock serpent/bolt of electricity (15)]
  2726 | D        | Succumbed to a naga ritualist's toxic radiance

Skill      XL: |  1  2  3  4  5  6  7  8  9 10 11 12 13 |
---------------+----------------------------------------+-----
Axes           | 4 5 8 9 10 11 12 14 15 16 | 16.6
Armour         | 3 4 7 8 9 10 12 13 15 16 | 16.3
Dodging        | 4 5 8 9 10 11 12 14 15 16 | 16.5
Fighting       | 4 5 8 9 10 11 13 15 16 17 | 17.8
Throwing       | |  1.7

Action                   |  1- 3 |  4- 6 |  7- 9 | 10-12 | 13-15 || total
-------------------------+-------+-------+-------+-------+-------++-------
Melee: War axe           |    26 |    10 |    17 |   345 |       ||   398
       Broad axe         |       |     4 |    42 |       |       ||    46
       Kick              |       |       |    13 |   106 |       ||   119
       Battleaxe         |       |       |       |    34 |    72 ||   106
Invok: Potion Petition   |       |     1 |       |       |       ||     1
       Call Merchant     |       |       |     1 |     6 |     1 ||     8
  Use: Potion            |     3 |       |     2 |     3 |     1 ||     9
       Scroll            |       |       |       |     4 |       ||     4
 Stab: Distracted        |       |       |     2 |     5 |       ||     7
       Petrified         |       |       |       |     9 |       ||     9
       Petrifying        |       |       |       |     5 |       ||     5
  Eat: Bread ration      |       |       |       |     2 |       ||     2
       Meat ration       |       |       |       |     1 |       ||     1
Armor: Leather armour    |     6 |     3 |       |       |       ||     9
       Plate armour      |       |     1 |    21 |   150 |       ||   172
       Chain mail        |       |       |       |    33 |    30 ||    63
Dodge: Dodged            |    17 |     7 |    37 |   252 |    58 ||   371
